 Dungeon Crawl Stone Soup version 0.26-a0-519-gb2f46efeda (webtiles) character file.

Game seed: 13389870875348609051

1087790 Morbidden the Wrestler (level 27, -22/438 HPs)
             Began as a Troll Hunter on July 29, 2020.
             Was the Champion of Cheibriados.
             Annihilated by Vuptuix the pandemonium lord (31 damage)
             ... while paralysed by you
             ... in Pandemonium on Aug 11, 2020.
             The game lasted 05:33:39 (91695 turns).

Morbidden the Wrestler (Troll Hunter)              Turns: 91695, Time: 05:33:39

Health: -22/438    AC: 35    Str: 42    XL:     27
Magic:  28/41      EV:  1    Int: 40    God:    Cheibriados [******]
Gold:   13537      SH:  0    Dex: 27    Spells: 18/56 levels left

rFire    + + +     SeeInvis +     - Unarmed
rCold    + + .     Faith    .   (no shield)
rNeg     + + .     Spirit   .   m - +12 gold dragon scales of Qinit {*Contam rPois rF+ rC+ rN+ Int+4}
rPois    +         Reflect  .   R - +2 hat
rElec    .         Harm     .   E - +1 cloak of the Guilds {Regen+ Int+3}
rCorr    .                      (gloves unavailable)
MR       ++++.                  (boots unavailable)
Stlth    ..........             f - amulet of Miracles {Regen+ Stlth+}
HPRegen  2.03/turn              L - ring "Depisu" {rC+ rN+ MR++ Int+3}
MPRegen  0.27/turn              C - ring of Guxam {Wiz +Fly rF+++ SInv Stlth-}

@: paralysed, mighty, berserking (expiring), lethally poisoned (-22 -> -22),
very slightly contaminated, studying Fighting, lightly drained, invisible, very
slow
A: large, unfitting armour, claws 3, thin skeletal structure 1, blurry vision 2,
deformed body, mutation resistance 1, regeneration 1, shaggy fur 1, tough skin
3, weak 1
}: 9/15 runes: serpentine, barnacled, slimy, silver, abyssal, demonic, glowing,
fiery, dark
a: Bend Time, Temporal Distortion, Slouch, Step From Time, Renounce Religion,
Evoke Flight


You were in Pandemonium.
You worshipped Cheibriados.
Cheibriados was exalted by your worship.
You visited 13 branches of the dungeon, and saw 59 of its levels.
You visited Pandemonium 1 time, and saw 14 of its levels.
You visited the Abyss 2 times.
You also visited: Sewer, Bailey, Ice Cave and Volcano.

You collected 14134 gold pieces.
You spent 597 gold pieces at shops.

Inventory:

Hand Weapons
 H - the +6 sword of Cerebov {flame}
   (You took it off Cerebov in Pandemonium)

   It has been specially enchanted to burn those struck by it, causing extra
   injury to most foes and up to half again as much damage against particularly
   susceptible opponents.
   Big, fiery blades are also staple armaments of hydra-hunters.
Missiles
 c - 103 large rocks
 d - 11 throwing nets
 w - 88 boomerangs (quivered)
 y - 155 silver javelins
Armour
 i - a scarf of resistance
 m - the +12 gold dragon scales of Qinit (worn) {*Contam rPois rF+ rC+ rN+ Int+4}
   (You found it in a bailey)

   It affects your intelligence (+4).
   It protects you from fire.
   It protects you from cold.
   It protects you from poison.
   It protects you from negative energy.
   It causes magical contamination when unequipped.
 E - the +1 cloak of the Guilds (worn) {Regen+ Int+3}
   (You found it in Pandemonium)

   It affects your intelligence (+3).
   It increases your rate of regeneration.
 R - a +2 hat (worn)
Jewellery
 f - the amulet of Miracles (around neck) {Regen+ Stlth+}
   (You found it on level 4 of the Depths)

   [amulet of regeneration]

   It increases your rate of regeneration.
   It makes you more stealthy.
 x - the ring "Jenelusk" {Fire +Fly rElec Str+4 Slay+2}
   (You took it off a balrug in Pandemonium)

   [ring of fire]

   It enhances your fire magic.
   It affects your strength (+4).
   It affects your accuracy and damage with ranged weapons and melee attacks
   (+2).
   It protects you from fire.
   It makes you vulnerable to cold.
   It insulates you from electricity.
   It lets you fly.
 C - the ring of Guxam (right claw) {Wiz +Fly rF+++ SInv Stlth-}
   (You found it on level 5 of the Pits of Slime)

   [ring of wizardry]

   It improves your spell success rate.
   It renders you almost immune to fire.
   It lets you see invisible.
   It lets you fly.
   It makes you less stealthy.
 F - the ring "Zossem" {Fire Str+5 Int+2 Dex+3}
   (You took it off a tengu reaver on level 5 of the Vaults)

   [ring of fire]

   It enhances your fire magic.
   It affects your strength (+5).
   It affects your intelligence (+2).
   It affects your dexterity (+3).
   It protects you from fire.
   It makes you vulnerable to cold.
 L - the ring "Depisu" (left claw) {rC+ rN+ MR++ Int+3}
   (You found it on level 3 of the Crypt)

   [ring of positive energy]

   It affects your intelligence (+3).
   It protects you from cold.
   It protects you from negative energy.
   It affects your resistance to hostile enchantments.
 P - the ring of Izxeytz {MP+9 Str+4 Stlth+}
   (You found it in an ice cave)

   [ring of magical power]

   It affects your strength (+4).
   It affects your magic capacity (+9).
   It makes you more stealthy.
 T - the ring "Foaneup" {*Corrode rElec rN+ Str+6}
   (You found it in Pandemonium)

   [ring of positive energy]

   It affects your strength (+6).
   It insulates you from electricity.
   It protects you from negative energy.
   It may corrode you when you take damage.
 U - the ring "Vocliber" {*Corrode *Slow rElec rN+ MP+9}
   (You took it off a balrug in Pandemonium)

   [ring of positive energy]

   It insulates you from electricity.
   It protects you from negative energy.
   It affects your magic capacity (+9).
   It may corrode you when you take damage.
   It may slow you when you take damage.
 X - the ring of Iwemn {*Drain rF+ rN+ Str+3 Dex+2}
   (You found it on level 3 of the Crypt)

   [ring of positive energy]

   It affects your strength (+3).
   It affects your dexterity (+2).
   It protects you from fire.
   It protects you from negative energy.
   It causes draining when unequipped.
Wands
 e - a wand of iceblast (96)
 n - a wand of acid (60)
 z - a wand of digging (29)
 A - a wand of disintegration (44)
 G - a wand of paralysis (32)
Scrolls
 g - 3 scrolls of blinking
 k - a scroll of holy word
 l - 37 scrolls of remove curse
 r - 12 scrolls of enchant weapon
 u - 18 scrolls of enchant armour
 D - 9 scrolls of magic mapping
 N - 32 scrolls of identify
 Q - 3 scrolls of summoning
 W - 23 scrolls of teleportation
Potions
 b - 11 potions of brilliance
 j - 5 potions of ambrosia
 o - 27 potions of curing
 p - 7 potions of flight
 s - 7 potions of resistance
 v - 11 potions of mutation
 B - 4 potions of magic
 I - 5 potions of heal wounds
 K - 4 potions of might
 O - 5 potions of invisibility
 S - 6 potions of cancellation
Books
 q - a manual of Fighting
Miscellaneous
 a - a condenser vane (2/2)
 h - a box of beasts (3/3)
 t - the horn of Geryon
 J - a tin of tremorstones (3/3)
 M - a phantom mirror
 V - a lightning rod (4/4)
 Y - a phantom mirror


   Skills:
 * Level 20.3(20.2) Fighting
 + Level 0.8(0.7) Long Blades
 + Level 20.5(20.4) Throwing
 + Level 16.2(16.1) Armour
 * Level 16.6(16.5) Dodging
 + Level 3.4(3.3) Stealth
 + Level 25.1(25.0) Unarmed Combat
 * Level 15.0(14.9) Spellcasting
 + Level 14.8(14.7) Transmutations
 * Level 7.7(7.6) Fire Magic
 + Level 10.7(10.6) Earth Magic
 * Level 17.8(17.7) Invocations
 * Level 7.6(7.5) Evocations


You had 18 spell levels left.
You knew the following spells:

 Your Spells              Type           Power        Failure   Level
a - Statue Form           Tmut/Erth      #######..    2%          6
b - Blade Hands           Tmut           #######...   1%          5
c - Beastly Appendage     Tmut           ######       0%          1
d - Dragon Form           Tmut           #######...   6%          7
e - Ignition              Fire           ######....   100%        8
f - Hydra Form            Tmut           #######...   1%          6
z - Fireball              Conj/Fire      ######....   17%         5

Your spell library contained the following spells:

 Spells                   Type           Power        Failure   Level
 Foxfire                  Conj/Fire      ####         1%          1
 Sandblast                Erth           ######       1%          1
 Sting                    Tmut/Pois      ####         1%          1
 Passwall                 Tmut/Erth      #######.     1%          2
 Wereblood                Tmut           #######.     1%          2
 Conjure Flame            Conj/Fire      ######..     1%          3
 Ignite Poison            Fire/Tmut/Pois ######..     1%          3
 Inner Flame              Hex/Fire       ######..     1%          3
 Spider Form              Tmut/Pois      ######....   1%          3
 Stone Arrow              Conj/Erth      ######       1%          3
 Ice Form                 Ice/Tmut       ######..     1%          4
 Petrify                  Tmut/Erth      #######.     1%          4
 Lee's Rapid Deconstruct  Erth           #######...   1%          5
 Animate Skeleton         Necr           ####..       3%          1
 Apportation              Tloc           ####..       3%          1
 Corona                   Hex            ####...      3%          1
 Freeze                   Ice            ####         3%          1
 Magic Dart               Conj           ####         3%          1
 Pain                     Necr           ####         3%          1
 Shock                    Conj/Air       ####         3%          1
 Summon Small Mammal      Summ           ####         3%          1
 Leda's Liquefaction      Hex/Erth       ######....   3%          4
 Blink                    Tloc           N/A          4%          2
 Call Imp                 Summ           ####....     4%          2
 Corpse Rot               Necr/Air       N/A          4%          2
 Ensorcelled Hibernation  Hex/Ice        ####..       4%          2
 Poisonous Vapours        Pois/Air       ####..       4%          2
 Searing Ray              Conj           ####..       4%          2
 Slow                     Hex            ####....     4%          2
 Sublimation of Blood     Necr           ####......   4%          2
 Alistair's Intoxication  Tmut/Pois      ######...    4%          5
 Irradiate                Conj/Tmut      ######....   4%          5
 Yara's Violent Unravell  Hex/Tmut       ######....   4%          5
 Sticky Flame             Conj/Fire      ######..     6%          4
 Bolt of Magma            Conj/Fire/Erth ######....   7%          5
 Confusing Touch          Hex            ####....     9%          3
 Dazzling Flash           Conj/Hex       ####..       9%          3
 Frozen Ramparts          Ice            ####..       9%          3
 Gell's Gravitas          Tloc           ####......   9%          3
 Lesser Beckoning         Tloc           ####......   9%          3
 Mephitic Cloud           Conj/Pois/Air  ####....     9%          3
 Ozocubu's Armour         Ice            ####....     9%          3
 Portal Projectile        Hex/Tloc       ####..       9%          3
 Static Discharge         Conj/Air       ####....     9%          3
 Teleport Other           Tloc           ####....     9%          3
 Tukima's Dance           Hex            ####....     9%          3
 Vampiric Draining        Necr           ####......   9%          3
 Borgnjor's Vile Clutch   Necr/Erth      ######....   9%          5
 Eringya's Noxious Bog    Tmut/Pois      ######....   22%         6
 Animate Dead             Necr           ####......   28%         4
 Cause Fear               Hex            ####......   28%         4
 Dispel Undead            Necr           ####....     28%         4
 Fulminant Prism          Conj/Hex       ####......   28%         4
 Hailstorm                Conj/Ice       ####....     28%         4
 Iskenderun's Mystic Bla  Conj/Tloc      ####....     28%         4
 Olgreb's Toxic Radiance  Pois           ####....     28%         4
 Passage of Golubria      Tloc           N/A          28%         4
 Summon Ice Beast         Ice/Summ       ####....     28%         4
 Summon Lightning Spire   Summ/Air       ####....     28%         4
 Iron Shot                Conj/Erth      ######....   43%         6
 Agony                    Necr           ####....     61%         5
 Excruciating Wounds      Necr           ####......   61%         5
 Iskenderun's Battlesphe  Conj           ####....     61%         5
 Lightning Bolt           Conj/Air       ####......   61%         5
 Metabolic Englaciation   Hex/Ice        ####......   61%         5
 Silence                  Hex/Air        ####......   61%         5
 Summon Demon             Summ           ####......   61%         5
 Summon Forest            Summ/Tloc      ####......   61%         5
 Summon Mana Viper        Hex/Summ       ####....     61%         5
 Starburst                Conj/Fire      ######....   65%         6
 Conjure Ball Lightning   Conj/Air       ####......   98%         6
 Death Channel            Necr           ####......   98%         6
 Freezing Cloud           Conj/Ice/Air   ####......   98%         6
 Shadow Creatures         Summ           N/A          98%         6
 Haunt                    Necr/Summ      ####......   100%        7
 Orb of Destruction       Conj           ####......   100%        7
 Spellforged Servitor     Conj/Summ      ####......   100%        7
 Summon Hydra             Summ           ####......   100%        7
 Disjunction              Tloc           ####......   100%        8
 Shatter                  Erth           #######...   100%        9
 Tornado                  Air            ####......   100%        9


Dungeon Overview and Level Annotations

Branches:
Dungeon (15/15)            Temple (1/1) D:7            Lair (6/6) D:8
 Shoals (4/4) Lair:3        Snake (4/4) Lair:2        Slime (5/5) Lair:5
    Orc (2/2) D:10            Elf (3/3) Orc:2        Vaults (5/5) D:13
  Crypt (3/3) Vaults:3       Tomb (0/3) Crypt:3      Depths (5/5) D:15
   Hell (visited)             Dis (0/7) Hell            Geh (0/7) Hell
    Coc (0/7) Hell            Tar (0/7) Hell            Zot (5/5) Depths:5
  Sewer (visited)          Bailey (visited)           IceCv (visited)
Volcano (visited)

Altars:
Ashenzari
Cheibriados
Dithmenos
Elyvilon
Fedhas
Gozag
Hepliaklqana
Kikubaaqudgha
Makhleb
Nemelex Xobeh
Okawaru
Qazlal
Ru
Sif Muna
Trog
Uskayaw
Vehumet
Wu Jian
Xom
Yredelemnul
Zin
The Shining One
Jiyva

Shops:
D:10 *   Orc:2 !:*(   Elf:3 =?   Shoals:2 [   Shoals:3 }   Snake:2 (
Vaults:2 [

Portals:
Hell: Depths:1 Depths:2 Depths:3 Depths:4 Depths:5
Abyss: Depths:3 Depths:4
Pandemonium: Orc:2 Depths:3 Depths:5
Ziggurat: Depths:3

Annotations:
D:9 3 runed translucent doors, Morbidden's ghost, novice TrCj
Elf:2 4 runed translucent doors
Zot:5 1 exclusion


Innate Abilities, Weirdness & Mutations

You are too large for most types of armour.
You have claws for hands.
Your natural rate of healing is unusually fast.
You are covered in fur. (AC +1)
You have extremely tough skin. (AC +3)
You have a somewhat thin skeletal structure. (Dex +2, Stealth)
Scrolls take you longer to read.
Armour fits poorly on your strangely shaped body.
You are somewhat resistant to further mutation.
You are weak. (Str -2)


Message History

The reaper completely misses you.
The red devil hits you but does no damage.
The Ice Fiend gestures at you.
The bolt of cold misses Vuptuix.
The bolt of cold hits you! You resist.
* * * LOW HITPOINT WARNING * * *
You are engulfed in seething chaos.
You feel sick. Vuptuix hits you but does no damage.
The torturous blood saint hits you but does no damage.
The Ice Fiend gestures at you.
The bolt of cold misses Vuptuix.
The bolt of cold hits you but does no damage.
You resist.
The Ice Fiend calls on the powers of darkness!
Your body is wracked with pain!
* * * LOW HITPOINT WARNING * * *
You are engulfed in seething chaos.
You fade into invisibility!
You are very lightly contaminated with residual magic.
Vuptuix hits you!!
You die...

#..# ##### ##.#
#.# #.# #.# # #
#.# .### #.#
.132. ##.##21.#
#))@&1#
......266§∩#
.......4....#
......^......#
..../........#
..∩............
.............#..
............#..


You could see Vuptuix (clouds), 3 Ice Fiends, 2 reapers, a blizzard demon
(agile), a torturous blood saint (petrifying, slow), a sun demon, an infernal
demonspawn (invisible, petrified) and a red devil (agile).

Vanquished Creatures
  Cerebov (Pan)
  Dissolution (Slime:2)
  the Royal Jelly (Slime:5)
  Gloorx Vloq (Pan)
  Mnoleg (Pan)
  Mennas (Pan)
  Mara (Depths:1)
  8 pandemonium lords (Pan)
  3 ancient liches
  A juggernaut (Depths:3)
  Sojobo (Vaults:5)
  The ghost of Osoc the Hoplite, a legendary GrFi of Qazlal (Zot:2)
  A greater mummy (Crypt:3)
  Boris (twice) (Depths:3 Vaults:5)
  Margery (Vaults:5)
  Geryon (Hell)
  2 curse toes
  Nikola (Elf:3)
  the Enchantress (Depths:3)
  14 golden dragons
  2 bone dragons
  Jory (Vaults:3)
  4 Brimstone Fiends (Pan)
  An electric golem (Zot:1)
  A shard shrike zombie (Crypt:2)
  A hellephant (Pan)
  Jorgrun (D:12)
  2 Hell Sentinels (Pan)
  16 tentacled monstrosities
  14 Ice Fiends
  3 liches
  6 Orb Guardians (Zot:5)
  4 deep elf blademasters (Elf:3)
  8 quicksilver dragons
  2 deep elf master archers (Elf:3)
  5 titans
  Murray (Depths:1)
  11 tentacled starspawn
  22 acid blobs
  32 Executioners
  7 death cobs
  3 sphinxes
  3 ancient champions
  13 shadow dragons
  2 draconian monks
  Agnes (Snake:1)
  An eldritch tentacle (Pan)
  9 tengu reavers
  10 storm dragons
  Ilsuiw (Shoals:4)
  A revenant (Crypt:2)
  A shadow dragon (shapeshifter) (Vaults:5)
  2 draconian knights (Zot:1)
  6 deep elf sorcerers
  10 frost giants
  10 azure jellies
  3 fire giants
  2 iron dragons
  6 nagarajas
  5 draconian scorchers
  32 balrugs
  An orc warlord (Orc:1)
  35 cacodemons (Pan)
  Aizul (Depths:1)
  10 warmongers (Pan)
  14 vault wardens
  4 ghost moths
  Louise (Elf:3)
  6 draconian shifters
  3 deep elf elementalists
  A draconian stormcaller (Zot:2)
  5 ghouls (Crypt:1)
  20 reapers
  4 curse skulls
  2 draconian annihilators
  5 spriggan defenders
  8 blood saints (Pan)
  14 ironheart preservers
  A caustic shrike skeleton (Depths:1)
  2 entropy weavers
  5 war gargoyles
  17 stone giants
  16 very ugly things
  9 corrupters (Pan)
  An ophan (Abyss:4)
  Azrael (D:13)
  14 green draconians
  6 vampire knights
  7 deep elf demonologists
  12 black suns (Pan)
  5 deep elf annihilators
  21 lorocyprocas (Pan)
  5 yellow draconians
  6 red draconians
  10 black draconians
  5 white draconians
  8 purple draconians
  2 spark wasps (Depths:4)
  A spark wasp (shapeshifter) (Vaults:5)
  13 merfolk javelineers
  16 blizzard demons
  4 death oozes (Slime:5)
  20 ettins
  11 deep elf death magi
  8 eidola
  9 green deaths (Pan)
  Josephine (D:13)
  12 fire dragons
  17 yaktaur captains
  7 jiangshi
  15 merfolk impalers
  12 deep elf high priests
  39 vault guards
  12 naga warriors
  10 hydras
  7 merfolk aquamancers
  5 rakshasas
  11 great orbs of eyes
  Erolcha (Orc:1)
  2 hell beasts (Pan)
  18 anacondas
  13 centaur warriors
  15 ice dragons
  2 quicksilver dragon skeletons
  8 monstrous demonspawn (Pan)
  8 death knights
  11 ogre magi
  A catoblepas (Shoals:2)
  5 spriggan air magi
  23 dancing weapons
  An alligator snapping turtle (Shoals:4)
  37 two-headed ogres
  7 deep troll shamans
  3 satyrs
  5 death yaks
  12 thrashing horrors
  3 hell hogs (Hell)
  3 tengu warriors
  6 vampire magi
  18 naga sharpshooters
  3 titan zombies
  15 deep troll earth magi
  8 orc high priests
  4 storm dragon zombies
  An iron golem (Hell)
  25 hell knights
  7 shock serpents
  67 soul eaters
  18 deep elf knights
  7 iron trolls
  5 wretched stars
  2 titan skeletons
  89 sun demons
  7 spriggan berserkers
  3 golden dragon zombies
  52 sixfirhies
  35 skeletal warriors
  36 deep trolls
  A spark wasp zombie (D:15)
  12 shadow wraiths
  3 spatial maelstroms
  A death drake (Depths:2)
  2 fire crabs (shapeshifter)
  A salamander mystic (Depths:4)
  2 storm dragon skeletons
  8 unseen horrors
  17 sea snakes
  11 gelid demonspawn (Pan)
  8 glowing orange brains
  10 infernal demonspawn
  A spectral anaconda (Depths:2)
  An obsidian statue (Elf:3)
  2 shadow dragon zombies
  3 orange crystal statues
  21 phantasmal warriors
  17 torturous demonspawn
  13 flayed ghosts
  32 deep elf archers
  A spectral hydra (Depths:2)
  4 wizards
  A swamp dragon (Lair:6)
  14 shadow demons
  16 ironbrand convokers
  2 lindwurms (shapeshifter)
  15 orc knights
  2 wolf spider zombies
  7 naga ritualists
  2 anaconda skeletons
  34 harpies
  A golden dragon skeleton (Pan)
  A mana viper (shapeshifter) (Vaults:5)
  84 deep elf magi
  22 necromancers
  2 frost giant zombies
  A fire giant zombie (Abyss:2)
  40 ugly things
  A wolf spider (shapeshifter) (Depths:5)
  16 mana vipers
  10 shining eyes
  2 shadow dragon skeletons
  8 manticores
  An oklob plant (Lair:2)
  6 wolf spiders
  3 iron dragon zombies
  A manticore (shapeshifter) (Vaults:5)
  2 moths of wrath (shapeshifter) (Vaults:5)
  7 orc sorcerers
  10 salamanders
  9 cyclopes
  A cyclops (shapeshifter) (Vaults:5)
  24 moths of wrath
  7 worldbinders
  2 fauns
  9 rust devils
  A centaur zombie (D:12)
  4 elephants
  5 frost giant skeletons
  An ice statue (Elf:3)
  A shock serpent zombie (Crypt:1)
  A stone giant skeleton (D:15)
  A water nymph (shapeshifter) (Depths:2)
  8 guardian serpents
  46 orange demons
  An elephant (shapeshifter) (Depths:4)
  3 apocalypse crabs (Abyss:1)
  4 iron dragon skeletons
  44 black mambas
  13 vault sentinels
  2 fire giant skeletons
  18 cane toads
  19 naga magi
  8 water nymphs
  7 eyes of devastation
  28 hellions (Pan)
  5 spectral swamp worms (Depths:5)
  80 smoke demons
  A torpor snail (Lair:5)
  A guardian serpent (shapeshifter) (Vaults:5)
  2 dire elephant skeletons
  3 shock serpent skeletons
  2 rime drakes
  3 centaur skeletons
  7 kobold demonologists
  10 komodo dragons
  68 yaktaurs
  25 freezing wraiths
  A rime drake (shapeshifter) (Elf:3)
  A guardian mummy (Crypt:3)
  A yellow draconian skeleton (Crypt:3)
  37 demonic crawlers
  33 hellwings
  36 tormentors
  A redback zombie (Crypt:1)
  8 ice devils
  6 efreet
  A golden dragon simulacrum (IceCv)
  A spectral merfolk (Depths:2)
  5 anaconda simulacra
  6 hydra zombies
  A yaktaur skeleton (D:15)
  12 ancient zymes
  A merfolk (shapeshifter) (Vaults:3)
  2 tengu conjurers
  A silent spectre (Abyss:3)
  9 polar bears
  A troll (shapeshifter) (Vaults:5)
  A polar bear (shapeshifter) (Abyss:3)
  30 red devils
  2 jumping spiders (shapeshifter)
  A wolf spider simulacrum (Abyss:1)
  A white draconian skeleton (Crypt:2)
  52 merfolk
  A sphinx simulacrum (Vaults:5)
  12 hornets
  10 trolls
  2 jumping spiders
  116 slime creatures
  6 wind drakes
  A hydra skeleton (Pan)
  3 raiju (shapeshifter)
  A bog body (Crypt:1)
  An ice dragon zombie (Hell)
  20 raiju
  4 alligator zombies
  A hornet (shapeshifter) (Depths:4)
  12 dream sheep
  9 blink frogs
  2 fire giant simulacra
  13 hippogriffs
  A human simulacrum (Vaults:2)
  6 snapping turtles
  A stone giant simulacrum (Depths:2)
  A redback (shapeshifter) (Depths:4)
  2 ettin skeletons
  An ice dragon skeleton (Pan)
  2 vampires (Depths:2)
  A fire dragon skeleton (Depths:1)
  An air elemental (Elf:3)
  4 shadows
  A tarantella (Vaults:4)
  54 starcursed masses
  11 flying skulls
  68 ynoxinuls
  4 redbacks
  31 water elementals
  An alligator skeleton (Pan)
  A dire elephant simulacrum (IceCv)
  3 wyverns
  25 small abominations
  5 spriggans
  29 wraiths
  A black mamba skeleton (Pan)
  11 fire elementals
  A hog (D:12)
  65 yaks
  4 fire bats (Pan)
  13 golden eyes
  5 basilisks
  Grum (D:5)
  2 steam dragons
  A vampire mosquito (D:10)
  53 chaos spawn
  A yaktaur simulacrum (Vaults:3)
  91 large abominations
  46 neqoxecs
  57 nagas
  19 wargs
  10 spatial vortices
  2 acid dragons (Lair:6)
  4 iron troll simulacra (IceCv)
  A soldier ant (shapeshifter) (Depths:1)
  2 harpy simulacra (IceCv)
  11 water moccasins
  15 hell hounds
  A floating eye (shapeshifter) (Vaults:5)
  5 floating eyes
  4 hydra simulacra
  3 porcupines
  A spectral troll (Depths:2)
  55 orc warriors
  5 black bears
  A black bear (shapeshifter) (Depths:3)
  3 cane toad skeletons
  4 ice beasts
  2 spriggan simulacra (Depths:2)
  4 swamp drakes (Lair:6)
  A sky beast (shapeshifter) (Vaults:5)
  A phantom (D:12)
  6 necrophages
  A manticore zombie (Abyss:3)
  3 snapping turtle zombies
  2 ettin simulacra (IceCv)
  6 sky beasts
  4 boggarts
  16 eyes of draining
  30 ogres
  17 wolves
  2 snapping turtle skeletons (Crypt:3)
  19 centaurs
  13 crocodiles
  An elf zombie (Crypt:3)
  9 big kobolds
  5 earth elementals
  17 bullfrogs
  A merfolk simulacrum (Depths:2)
  2 gnoll sergeants (D:5)
  A wyvern zombie (D:6)
  A hippogriff skeleton (Crypt:2)
  A cane toad simulacrum (Crypt:2)
  11 wyvern skeletons (Crypt:3)
  5 scorpions
  A killer bee (D:9)
  A polar bear zombie (Crypt:2)
  2 spectral ogres (Depths:2)
  A yak zombie (Crypt:2)
  2 spectral nagas (Depths:2)
  24 wights
  A yak skeleton (Crypt:1)
  A raiju skeleton (Crypt:2)
  A howler monkey (D:11)
  A snapping turtle simulacrum (Crypt:2)
  2 electric eels
  A spectral centaur (Depths:2)
  5 crimson imps (Pan)
  5 bullfrog zombies
  3 draconian simulacra (IceCv)
  A human zombie (Crypt:3)
  7 jellies
  3 quasits
  18 hounds
  An iron imp (Abyss:1)
  29 orc priests
  A gnoll shaman (D:5)
  A bullfrog skeleton (D:12)
  14 worker ants
  Ijyb (D:5)
  22 orc wizards
  2 human skeletons
  7 iguanas
  11 merfolk sirens
  6 hell rats
  2 polar bear simulacra (IceCv)
  A porcupine skeleton (Crypt:1)
  6 merfolk avatars
  A wolf simulacrum (IceCv)
  2 troll simulacra
  A dwarf zombie (Crypt:2)
  An ogre zombie (Crypt:2)
  2 centaur simulacra
  A hound zombie (D:9)
  A hound skeleton (D:4)
  2 mummies (Crypt:3)
  2 worker ant zombies
  27 gnolls
  An ogre simulacrum (IceCv)
  3 river rats (Sewer)
  22 adders
  3 naga simulacra
  3 shadow imps
  19 white imps
  14 ufetubi
  3 oozes
  A worm zombie (Crypt:2)
  2 adder zombies (D:7)
  A halfling zombie (Crypt:1)
  An adder skeleton (D:4)
  3 worms
  3 dart slugs
  10 leopard geckos
  119 orcs
  7 giant cockroaches
  17 goblins
  11 hobgoblins
  20 jackals
  4 quokkas
  A river rat zombie (Crypt:1)
  9 ball pythons
  10 bats
  10 frilled lizards
  A jackal skeleton (D:6)
  40 kobolds
  A kobold skeleton (Pan)
  A quokka skeleton (D:6)
  34 rats
  4 crawling corpses
  7 plants
  15 starspawn tentacles
  A withered plant (Crypt:3)
4390 creatures vanquished.

Vanquished Creatures (collateral kills)
  An acid blob (Slime:5)
  2 death oozes (Slime:5)
  A crawling corpse (Elf:3)
4 creatures vanquished.

Vanquished Creatures (others)
  A draconian scorcher (Zot:2)
  A blood saint (Pan)
  A merfolk impaler (Shoals:4)
  2 deep elf knights
  A soul eater (Crypt:2)
  A sea snake (Shoals:4)
  A deep elf mage (Elf:1)
  A worldbinder (Abyss:3)
  A hellion (Pan)
  A warg (Vaults:1)
  A small abomination (Abyss:2)
  An orc warrior (Orc:1)
  A boggart (Depths:4)
  A centaur (D:6)
  A hell rat (Hell)
  A leopard gecko (D:4)
  A briar patch (Pan)
  A bush (Lair:6)
  2 fungi (Depths:2)
  A lurking horror (Abyss:3)
  45 plants
  21 starspawn tentacles
  8 withered plants (Crypt:3)
96 creatures vanquished.

Grand Total: 4490 creatures vanquished

Notes
Turn   | Place    | Note
-------+----------+-------------------------------------------
     0 | D:1      | Morbidden the Troll Hunter began the quest for the Orb.
     0 | D:1      | Reached XP level 1. HP: 19/19 MP: 0/0
    91 | D:1      | Reached XP level 2. HP: 28/28 MP: 1/1
   331 | D:1      | Reached XP level 3. HP: 35/35 MP: 2/2
   723 | D:2      | Reached skill level 1 in Unarmed Combat
  1051 | D:2      | Reached XP level 4. HP: 42/42 MP: 3/3
  1834 | D:2      | Found a burning altar of Makhleb.
  1834 | D:2      | Noticed a green death
  1837 | D:2      | Noticed a neqoxec
  1837 | D:2      | Noticed a neqoxec
  1973 | D:3      | Reached XP level 5. HP: 45/49 MP: 5/5
  2058 | D:3      | Reached skill level 2 in Unarmed Combat
  2262 | D:3      | Reached skill level 1 in Spellcasting
  2654 | D:4      | Noticed an ogre
  2662 | D:4      | Killed an ogre
  2662 | D:4      | Reached XP level 6. HP: 59/59 MP: 6/6
  2747 | D:4      | Reached skill level 3 in Unarmed Combat
  2752 | D:4      | Reached skill level 5 in Throwing
  2783 | D:4      | Reached skill level 1 in Stealth
  2821 | D:4      | Found a glowing drain.
  2828 | Sewer    | Entered a sewer
  2845 | Sewer    | Reached XP level 7. HP: 57/67 MP: 8/8
  3472 | D:4      | Found a stormy altar of Qazlal.
  3865 | D:5      | Entered Level 5 of the Dungeon
  3952 | D:5      | Reached skill level 4 in Unarmed Combat
  4176 | D:5      | Reached XP level 8. HP: 45/75 MP: 10/10
  4213 | D:5      | HP: 2/75 [gnoll/+0 club (9)]
  4797 | D:5      | Found a basalt altar of Yredelemnul.
  4814 | D:5      | Noticed Ijyb
  4829 | D:5      | Killed Ijyb
  5042 | D:5      | Reached skill level 5 in Unarmed Combat
  5148 | D:5      | Noticed Grum
  5157 | D:5      | Killed Grum
  5244 | D:5      | Found an ancient bone altar of Kikubaaqudgha.
  5566 | D:6      | Reached XP level 9. HP: 76/84 MP: 12/12
  6041 | D:6      | Reached skill level 6 in Unarmed Combat
  6086 | D:6      | Found an opulent altar of Gozag.
  6506 | D:6      | Found a sacrificial altar of Ru.
  6509 | D:6      | Found a glowing silver altar of Zin.
  6512 | D:6      | Found an ornate altar of the Wu Jian Council.
  6547 | D:6      | Found a hide-covered altar of Uskayaw.
  7334 | D:7      | Found a staircase to the Ecumenical Temple.
  7343 | Temple   | Entered the Ecumenical Temple
  7507 | D:7      | Reached skill level 7 in Unarmed Combat
  7716 | D:8      | Found a staircase to the Lair.
  7716 | D:8      | Noticed an elephant
  7748 | D:8      | Reached skill level 5 in Fighting
  7759 | D:8      | Killed an elephant
  7759 | D:8      | Reached XP level 10. HP: 79/95 MP: 14/14
  8245 | D:8      | Found a shadowy altar of Dithmenos.
  8581 | D:8      | Found a hazy altar of Hepliaklqana.
  8852 | D:9      | Found a flagged portal.
  8915 | D:9      | Reached skill level 8 in Unarmed Combat
  8924 | D:9      | Noticed a two-headed ogre
  8937 | Bailey   | Entered a bailey
  8968 | Bailey   | Noticed an orc knight
  8984 | Bailey   | Killed an orc knight
  9155 | Bailey   | Got translucent gold dragon scales
  9180 | Bailey   | Identified the +12 gold dragon scales of Qinit {*Contam
                  | rPois rF+ rC+ rN+ Int+4} (You found it in a bailey)
  9341 | D:9      | Found a snail-covered altar of Cheibriados.
  9356 | D:9      | Became a worshipper of Cheibriados the Contemplative
  9530 | D:9      | Reached skill level 1 in Invocations
  9538 | D:9      | Killed a two-headed ogre
  9538 | D:9      | Reached skill level 1 in Armour
  9658 | D:9      | Found a hazy altar of Hepliaklqana.
  9730 | D:9      | Found a shimmering altar of Xom.
  9737 | D:9      | Found a glowing golden altar of the Shining One.
  9830 | D:9      | Found a runed translucent gate.
  9831 | D:9      | Found a runed translucent gate.
  9831 | D:9      | Noticed Morbidden's ghost (novice TrCj)
  9832 | D:9      | Found a runed translucent gate.
  9881 | D:9      | Reached XP level 11. HP: 104/104 MP: 16/16
 10143 | D:9      | Reached * piety under Cheibriados
 10208 | D:9      | Reached skill level 9 in Unarmed Combat
 10486 | D:10     | Entered Level 10 of the Dungeon
 10509 | D:10     | Found Lirumuagyu's Assorted Antiques.
 10515 | D:10     | Bought a fizzy ruby potion for 32 gold pieces
 10516 | D:10     | Bought a scroll of identify for 72 gold pieces
 10516 | D:10     | Bought a scroll of identify for 72 gold pieces
 10516 | D:10     | Bought a scroll of identify for 72 gold pieces
 10814 | D:10     | Reached ** piety under Cheibriados
 11078 | D:10     | Found a hazy altar of Hepliaklqana.
 11247 | D:10     | Reached *** piety under Cheibriados
 11308 | D:10     | Noticed a two-headed ogre
 11317 | D:10     | Killed a two-headed ogre
 11343 | D:10     | You fall into a shaft and drop 2 floors!
 11672 | D:12     | Found a huge runed translucent gate.
 11673 | D:12     | Found a huge runed translucent gate.
 11674 | D:12     | Noticed a death yak
 11674 | D:12     | Found a huge runed translucent gate.
 11688 | D:12     | Found a huge runed translucent gate.
 11815 | D:12     | Reached skill level 10 in Unarmed Combat
 11819 | D:12     | Reached **** piety under Cheibriados
 11844 | D:12     | Reached skill level 5 in Spellcasting
 12036 | D:12     | Reached XP level 12. HP: 113/114 MP: 18/18
 12388 | D:12     | Noticed a death knight
 12392 | D:12     | Noticed Jorgrun
 12393 | D:12     | Reached ***** piety under Cheibriados
 12416 | D:11     | Noticed a seven-headed hydra
 12419 | D:11     | Reached skill level 1 in Evocations
 12423 | D:11     | Killed a seven-headed hydra
 12799 | D:11     | Reached skill level 5 in Armour
 13053 | D:11     | Identified the cursed +0 robe of the Morning {Harm +Blink
                  | rF- Dex+4} (You found it on level 11 of the Dungeon)
 13687 | D:10     | Found a staircase to the Orcish Mines.
 13838 | Lair:1   | Entered Level 1 of the Lair of Beasts
 14329 | Lair:1   | Reached skill level 11 in Unarmed Combat
 14641 | Lair:1   | Noticed a six-headed hydra
 14649 | Lair:1   | Killed a six-headed hydra
 14866 | Lair:2   | Noticed a four-headed hydra
 14877 | Lair:2   | Killed a four-headed hydra
 15012 | Lair:2   | Reached XP level 13. HP: 123/123 MP: 20/20
 15184 | Lair:2   | Reached ****** piety under Cheibriados
 15415 | Lair:2   | Found a staircase to the Snake Pit.
 16077 | Lair:3   | Reached skill level 5 in Invocations
 16592 | Lair:3   | Found a staircase to the Shoals.
 17818 | Lair:5   | Found a dark tunnel.
 17825 | Volcano  | Entered a volcano
 17848 | Volcano  | Reached skill level 12 in Unarmed Combat
 17850 | Volcano  | Found a radiant altar of Vehumet.
 17851 | Volcano  | Noticed a red draconian
 17948 | Volcano  | Killed a red draconian
 18178 | Lair:5   | Reached XP level 14. HP: 121/134 MP: 22/22
 18551 | Lair:5   | Found a viscous altar of Jiyva.
 18554 | Lair:5   | Found a staircase to the Slime Pits.
 18673 | Lair:6   | Entered Level 6 of the Lair of Beasts
 19057 | Lair:6   | Learned a level 5 spell: Blade Hands
 19059 | Lair:6   | Learned a level 1 spell: Beastly Appendage
 19512 | Lair:6   | Reached skill level 5 in Dodging
 20068 | D:13     | Noticed Josephine
 20076 | D:13     | Killed Josephine
 20076 | D:13     | Reached skill level 10 in Throwing
 20096 | D:13     | Noticed Azrael
 20101 | D:13     | Reached skill level 1 in Transmutations
 20103 | D:13     | Killed Azrael
 20508 | D:13     | You fall into a shaft and drop 2 floors!
 20508 | D:15     | Entered Level 15 of the Dungeon
 20538 | D:15     | Noticed a storm dragon
 20551 | D:15     | Killed a storm dragon
 20551 | D:15     | Reached skill level 13 in Unarmed Combat
 20695 | D:15     | Found a shimmering blue altar of Sif Muna.
 20697 | D:15     | Found an opulent altar of Gozag.
 20903 | D:15     | Reached XP level 15. HP: 139/144 MP: 24/24
 21469 | D:15     | Found a staircase to the Depths.
 22984 | D:13     | Found a gate to the Vaults.
 23848 | D:13     | Reached skill level 10 in Fighting
 23848 | D:13     | Reached XP level 16. HP: 158/158 MP: 25/25
 24271 | D:12     | Killed Jorgrun
 24393 | Orc:1    | Entered Level 1 of the Orcish Mines
 24731 | Orc:2    | Entered Level 2 of the Orcish Mines
 25176 | Orc:2    | Reached skill level 14 in Unarmed Combat
 25525 | Orc:1    | Reached XP level 17. HP: 161/167 MP: 27/27
 25614 | Orc:1    | Noticed Erolcha
 25627 | Orc:1    | Killed Erolcha
 25947 | Orc:2    | Found Fouremue's General Store.
 25951 | Orc:2    | Found Olu Miqo's Distillery.
 26160 | Orc:2    | Bought a scroll of teleportation for 42 gold pieces
 26162 | Orc:2    | Bought a potion of heal wounds for 70 gold pieces
 26162 | Orc:2    | Bought a potion of heal wounds for 70 gold pieces
 26162 | Orc:2    | Bought a potion of heal wounds for 70 gold pieces
 26236 | Orc:2    | Found a staircase to the Elven Halls.
 26562 | Orc:2    | Paralysed by an orc sorcerer for 7 turns
 26761 | Orc:2    | Found Cufrej's Book Boutique.
 26761 | Orc:2    | Found Juebumatt's Antique Weapon Shop.
 26761 | Orc:2    | Found a one-way gate leading to the halls of Pandemonium.
 27075 | Snake:1  | Entered Level 1 of the Snake Pit
 27229 | Snake:1  | You fall into a shaft and drop 1 floor!
 27615 | Snake:2  | Found Jutium's Antique Weapon Shoppe.
 28152 | Snake:3  | HP: 7/167 [black mamba (8)]
 28605 | Snake:3  | Reached skill level 5 in Transmutations
 29393 | Snake:1  | Noticed Agnes
 29399 | Snake:1  | Killed Agnes
 29609 | Snake:1  | Reached XP level 18. HP: 160/176 MP: 26/28
 29648 | Snake:1  | Reached skill level 10 in Armour
 30010 | Snake:4  | Entered Level 4 of the Snake Pit
 30088 | Snake:4  | Found a frozen archway.
 30106 | IceCv    | Entered an ice cave
 30341 | IceCv    | Reached skill level 15 in Unarmed Combat
 30375 | IceCv    | Got a scintillating silver ring
 30495 | IceCv    | Noticed an Ice Fiend
 30597 | IceCv    | Identified the ring of Izxeytz {MP+9 Str+4 Stlth+} (You
                  | found it in an ice cave)
 30886 | IceCv    | Killed an Ice Fiend
 30924 | IceCv    | Identified the Almanac of the Compass and Moulding
 32220 | Snake:4  | Identified the cursed +0 robe of the Skies Above {rPois
                  | rF+}
 32769 | Snake:4  | Got a serpentine rune of Zot
 32958 | Shoals:1 | Entered Level 1 of the Shoals
 33132 | Shoals:1 | Reached XP level 19. HP: 185/187 MP: 30/30
 33395 | Shoals:1 | Reached skill level 10 in Invocations
 34367 | Shoals:2 | Found Qumuemut's Armour Shoppe.
 34686 | Shoals:2 | Found Qumuemut's Armour Shoppe.
 34992 | Shoals:3 | Found Bialyfek's Gadget Boutique.
 35014 | Shoals:3 | Reached skill level 16 in Unarmed Combat
 35108 | Shoals:3 | Identified Ugiv Tua's Reference Book on Icy Summoning
 36194 | Shoals:4 | Entered Level 4 of the Shoals
 36200 | Shoals:4 | Noticed Ilsuiw
 36491 | Shoals:4 | Killed Ilsuiw
 36963 | Shoals:4 | Found the +3 robe of Clouds {+Thunder rCloud rElec}
 37607 | Shoals:4 | Got a barnacled rune of Zot
 37855 | Vaults:1 | Entered Level 1 of the Vaults
 37927 | Vaults:1 | Reached XP level 20. HP: 198/198 MP: 31/31
 39586 | Vaults:2 | Reached skill level 10 in Dodging
 39636 | Vaults:2 | Found Salu's Armour Emporium.
 39960 | Vaults:2 | Reached skill level 17 in Unarmed Combat
 40696 | Vaults:3 | Reached XP level 21. HP: 194/208 MP: 33/33
 40931 | Vaults:3 | Found a staircase to the Crypt.
 41023 | Vaults:3 | Noticed Jory
 41384 | Vaults:3 | Killed Jory
 44096 | Elf:1    | Entered Level 1 of the Elven Halls
 44301 | Elf:1    | Reached skill level 18 in Unarmed Combat
 44644 | Elf:1    | Reached XP level 22. HP: 205/219 MP: 34/34
 44747 | Elf:1    | Identified the Catalogue of Combat Magic
 45271 | Elf:2    | Found a large runed translucent door.
 45271 | Elf:2    | Found a large runed translucent door.
 45304 | Elf:2    | Found a large runed translucent door.
 45304 | Elf:2    | Found a large runed translucent door.
 45625 | Elf:3    | Entered Level 3 of the Elven Halls
 45703 | Elf:3    | Noticed Louise
 45707 | Elf:3    | Cast into level 3 of the Abyss (Louise)
 46204 | Elf:3    | Escaped the Abyss
 46219 | Elf:3    | Killed Louise
 46292 | Elf:3    | Found Figuv's Magic Scroll Shoppe.
 46292 | Elf:3    | Found Jown's Jewellery Emporium.
 46340 | Elf:3    | Bought a scroll of blinking for 97 gold pieces
 46415 | Elf:3    | Reached skill level 10 in Spellcasting
 46816 | Elf:3    | Found an ancient bone altar of Kikubaaqudgha.
 47333 | Elf:3    | Identified the +4 great sword of Pub Niux {venom, rElec
                  | MR+}
 47471 | Elf:3    | Identified the +4 scimitar of Rotation {freeze, rF+ MR+}
 47471 | Elf:3    | Identified the amulet of Begiw {Faith rF- MP+9 Str+8
                  | Slay+5}
 47508 | Elf:3    | Identified the +8 rapier "Buzxiwelu" {holy, rElec}
 47508 | Elf:3    | Identified the +8 plate armour of Sokerghe {rC+ Dex+6
                  | Stlth+}
 47768 | Elf:3    | Identified the +3 leather armour of the Iron Devil {-Tele
                  | rElec rPois}
 47784 | Elf:3    | Identified the +7 hand axe of Massacring {vorpal, rElec MR+
                  | Dex+2}
 47859 | Elf:3    | Identified the cursed +1 quick blade of Tenacity {protect,
                  | rF++ SInv}
 48023 | Elf:3    | Identified the Collected Works on Warped Arcane Weapons
 48134 | Elf:3    | Noticed Nikola
 48146 | Elf:3    | Killed Nikola
 48618 | Crypt:1  | Entered Level 1 of the Crypt
 48668 | Crypt:1  | Reached skill level 15 in Throwing
 48865 | Crypt:1  | Reached XP level 23. HP: 210/228 MP: 36/36
 49726 | Crypt:2  | Reached skill level 19 in Unarmed Combat
 50324 | Crypt:3  | Entered Level 3 of the Crypt
 51465 | Crypt:3  | Found an ancient bone altar of Kikubaaqudgha.
 51574 | Crypt:3  | Reached skill level 10 in Transmutations
 51616 | Crypt:3  | Noticed an ancient lich
 51627 | Crypt:3  | Killed an ancient lich
 51636 | Crypt:3  | Identified the Collected Works on Sinister Rites
 52225 | Crypt:3  | Got a faintly glowing lead ring
 52225 | Crypt:3  | Got a fine amber ring
 52226 | Crypt:3  | Identified the ring "Otinenin" {rN+ SInv} (You found it on
                  | level 3 of the Crypt)
 52273 | Crypt:3  | Identified the ring "Depisu" {rC+ rN+ MR++ Int+3} (You
                  | found it on level 3 of the Crypt)
 52274 | Crypt:3  | Identified the ring of Iwemn {*Drain rF+ rN+ Str+3 Dex+2}
                  | (You found it on level 3 of the Crypt)
 52555 | Crypt:3  | Found a staircase to the Tomb.
 52555 | Crypt:3  | Noticed a greater mummy
 52571 | Crypt:3  | Killed a greater mummy
 53232 | Depths:1 | Entered Level 1 of the Depths
 53240 | Depths:1 | Noticed Mara
 53247 | Depths:1 | Noticed Morbidden's illusion
 53328 | Depths:1 | Killed Mara
 53372 | Depths:1 | Reached XP level 24. HP: 175/240 MP: 36/36
 53458 | Depths:1 | Found a gateway to Hell.
 53643 | Depths:1 | You fall into a shaft and drop 1 floor!
 54108 | Depths:2 | Reached skill level 20 in Unarmed Combat
 54264 | Depths:2 | Paralysed by a floating eye for 3 turns
 54267 | Depths:2 | Paralysed by a floating eye for 4 turns
 54273 | Depths:2 | Paralysed by a floating eye for 4 turns
 54286 | Depths:2 | Paralysed by a floating eye for 2 turns
 54295 | Depths:2 | Paralysed by a floating eye for 4 turns
 54300 | Depths:2 | Paralysed by a floating eye for 4 turns
 54668 | Depths:2 | Noticed an ancient lich
 54671 | Depths:2 | Killed an ancient lich
 55605 | Depths:1 | Identified the Incunabulum of Confrontation and the
                  | Volcanoes
 55609 | Depths:1 | Noticed Aizul
 55616 | Depths:1 | Killed Aizul
 55963 | Hell     | Entered the Vestibule of Hell
 55963 | Hell     | Noticed Geryon
 56006 | Depths:3 | Noticed Boris
 56020 | Depths:3 | Killed Boris
 56150 | Depths:3 | Noticed the Enchantress
 56161 | Depths:3 | Killed the Enchantress
 56281 | Depths:3 | Found a gateway to a ziggurat.
 56859 | Depths:3 | Noticed a juggernaut
 56869 | Depths:3 | Killed a juggernaut
 56883 | Depths:3 | Found a one-way gate to the infinite horrors of the Abyss.
 56961 | Depths:3 | Reached XP level 25. HP: 195/250 MP: 37/37
 57056 | Depths:3 | Reached skill level 15 in Fighting
 57056 | Depths:3 | Reached XP level 26. HP: 262/262 MP: 37/37
 57065 | Depths:3 | Learned a level 6 spell: Statue Form
 57073 | Depths:3 | Reached XP level 27. HP: 273/273 MP: 37/37
 57465 | Depths:4 | Reached skill level 1 in Earth Magic
 57662 | Depths:4 | Identified the amulet of Miracles {Regen+ Stlth+} (You
                  | found it on level 4 of the Depths)
 58764 | Depths:4 | Reached skill level 21 in Unarmed Combat
 58953 | Depths:5 | Entered Level 5 of the Depths
 59457 | Depths:5 | Found a gate to the Realm of Zot.
 60723 | Hell     | Noticed Murray
 60733 | Hell     | Killed Geryon
 60906 | Depths:1 | Killed Murray
 61495 | Hell     | Found a gateway to the decaying netherworld of Tartarus.
 61620 | Hell     | Found a gateway to the freezing wastes of Cocytus.
 61730 | Hell     | Found a gateway to the Iron City of Dis.
 61787 | Hell     | Found a gateway to the ashen valley of Gehenna.
 62090 | Vaults:5 | Entered Level 5 of the Vaults
 62156 | Vaults:5 | Noticed Boris
 62162 | Vaults:5 | Killed Boris
 62162 | Vaults:5 | Reached skill level 5 in Earth Magic
 62376 | Vaults:5 | Noticed Sojobo
 62394 | Vaults:5 | Killed Sojobo
 62548 | Vaults:5 | Identified the +3 great mace of Xuetyrusm {drain, Str+2}
 62703 | Vaults:5 | Noticed Margery
 62732 | Vaults:5 | Killed Margery
 63014 | Vaults:5 | Noticed an ancient lich
 63026 | Vaults:5 | Killed an ancient lich
 63050 | Vaults:5 | Identified the amulet "Anweol" {Acrobat rC- MR++}
 63206 | Vaults:5 | Identified the Volume of Lightness and the Glacier
 63242 | Vaults:5 | Identified the Collected Works on Companions and the Blaze
 63800 | Vaults:5 | Got a silver rune of Zot
 63955 | Vaults:5 | Identified the ring "Zossem" {Fire Str+5 Int+2 Dex+3}
 63960 | Vaults:5 | Reached skill level 22 in Unarmed Combat
 63974 | Vaults:5 | Identified the +5 scimitar of Hubris {vorpal, *Rage +Rage
                  | +Fly MR+++}
 63996 | Vaults:5 | Identified the Incunabulum of the Ashen Escort
 64775 | Zot:1    | Entered Level 1 of the Realm of Zot
 65903 | Zot:2    | Found a transporter.
 65947 | Zot:2    | Noticed Osoc's ghost (legendary GrFi)
 66603 | Zot:2    | Found a transporter.
 66934 | Zot:2    | Killed Osoc's ghost
 66985 | Zot:2    | Identified the cursed +0 hat of Fedhas's Wrath {+Inv Dex-3
                  | Slay+3} (You found it on level 2 of the Realm of Zot)
 69205 | Zot:5    | Entered Level 5 of the Realm of Zot
 70199 | Slime:1  | Entered Level 1 of the Pits of Slime
 70256 | Slime:1  | Upgraded the game from 0.26-a0-466-g989023bd0d to
                  | 0.26-a0-491-g70697cc071
 70381 | Slime:2  | Noticed Dissolution
 70387 | Slime:2  | Killed Dissolution
 70392 | Slime:2  | Gained mutation: You have an increased reservoir of magic.
                  | (+10% MP) [a shining eye]
 70395 | Slime:2  | Gained mutation: You are dopey. (Int -2) [a shining eye]
 70742 | Slime:3  | Lost mutation: You are dopey. (Int -2) [a shining eye]
 70744 | Slime:3  | Gained mutation: You are resistant to hostile enchantments.
                  | (MR+) [a shining eye]
 71128 | Slime:5  | Entered Level 5 of the Pits of Slime
 71388 | Slime:5  | Noticed the Royal Jelly
 71591 | Slime:5  | Reached skill level 15 in Invocations
 71684 | Slime:5  | Killed the Royal Jelly
 71806 | Slime:5  | Found the +6 shillelagh "Devastator" {shatter}
 71849 | Slime:5  | Got a slimy rune of Zot
 71860 | Slime:5  | Identified the +1 robe "Hero's Friend" {rPois rC++ Dex-2
                  | Slay+3} (You found it on level 5 of the Pits of Slime)
 71886 | Slime:5  | Identified the amulet of Ephemeral Luck {Acrobat Int+3}
                  | (You found it on level 5 of the Pits of Slime)
 71899 | Slime:5  | Identified the ring of Guxam {Wiz +Fly rF+++ SInv Stlth-}
                  | (You found it on level 5 of the Pits of Slime)
 72268 | Slime:1  | Gained mutation: You are clumsy. (Dex -2) [a shining eye]
 72270 | Slime:1  | Lost mutation: You have an increased reservoir of magic.
                  | (+10% MP) [a shining eye]
 72274 | Slime:1  | Gained mutation: You are dopey. (Int -2) [a shining eye]
 72275 | Slime:1  | Gained mutation: You are very dopey. (Int -4) [a shining
                  | eye]
 72276 | Slime:1  | Reached skill level 10 in Earth Magic
 72279 | Slime:1  | Lost mutation: You are very dopey. (Int -4) [potion of
                  | mutation]
 72279 | Slime:1  | Lost mutation: You are clumsy. (Dex -2) [potion of
                  | mutation]
 72279 | Slime:1  | Lost mutation: You are dopey. (Int -2) [potion of mutation]
 72279 | Slime:1  | Lost mutation: You are resistant to hostile enchantments.
                  | (MR+) [potion of mutation]
 72279 | Slime:1  | Gained mutation: You are somewhat resistant to further
                  | mutation. [potion of mutation]
 73043 | Depths:4 | Voluntarily entered the Abyss.
 73100 | Abyss:1  | Found a corrupted altar of Lugonu.
 73114 | Abyss:1  | Reached skill level 23 in Unarmed Combat
 73185 | Abyss:1  | Found a corrupted altar of Lugonu.
 73856 | Abyss:2  | Reached skill level 15 in Armour
 74058 | Abyss:3  | Found a corrupted altar of Lugonu.
 74058 | Abyss:3  | Found a corrupted altar of Lugonu.
 74265 | Abyss:3  | Found a shattered altar of Ashenzari.
 74418 | Abyss:3  | Paralysed by accursed screaming for 1 turns
 74426 | Abyss:3  | Gained mutation: You have a somewhat thin skeletal
                  | structure. (Dex +2, Stealth) [a neqoxec]
 74487 | Abyss:3  | Found a sparkling altar of Nemelex Xobeh.
 74538 | Abyss:3  | Paralysed by accursed screaming for 1 turns
 74782 | Abyss:4  | Gained mutation: Your body sometimes deteriorates upon
                  | taking damage. [a neqoxec]
 74826 | Abyss:4  | Got an abyssal rune of Zot
 74841 | Abyss:4  | Found a corrupted altar of Lugonu.
 74987 | Abyss:4  | Found a corrupted altar of Lugonu.
 75024 | Depths:4 | Escaped the Abyss
 75026 | Depths:4 | Upgraded the game from 0.26-a0-491-g70697cc071 to
                  | 0.26-a0-519-gb2f46efeda
 75217 | Pan      | Entered Pandemonium
 75519 | Pan      | Found an exit through the horrors of the Abyss.
 75708 | Pan      | Noticed Voojok the pandemonium lord
 75714 | Pan      | Killed Voojok the pandemonium lord
 76302 | Pan      | Found an exit through the horrors of the Abyss.
 77416 | Pan      | Noticed Naymow the pandemonium lord
 77423 | Pan      | Killed Naymow the pandemonium lord
 77652 | Pan      | Noticed Mennas
 77666 | Pan      | Killed Mennas
 77718 | Pan      | Found an exit through the horrors of the Abyss.
 78261 | Pan      | Learned a level 2 spell: Poisonous Vapours
 78295 | Pan      | Learned a level 8 spell: Ignition
 78654 | Pan      | Found a runed translucent door.
 78692 | Pan      | Learned a level 6 spell: Hydra Form
 78692 | Pan      | Found a runed translucent door.
 78862 | Pan      | Reached skill level 1 in Fire Magic
 78916 | Pan      | Found a runed translucent door.
 78927 | Pan      | Found a runed translucent door.
 79424 | Pan      | Noticed Guffod the pandemonium lord
 79430 | Pan      | Gained mutation: Your magical capacity is low. (-10% MP) [a
                  | shining eye]
 79437 | Pan      | Killed Guffod the pandemonium lord
 79973 | Pan      | Noticed Utuoram the pandemonium lord
 79983 | Pan      | Killed Utuoram the pandemonium lord
 80442 | Pan      | Gained mutation: Your spells are a little easier to cast,
                  | but a little less powerful. [a cacodemon]
 80504 | Pan      | Reached skill level 15 in Dodging
 80541 | Pan      | Got a demonic rune of Zot
 81512 | Pan      | Reached skill level 24 in Unarmed Combat
 81519 | Pan      | Paralysed by accursed screaming for 1 turns
 81537 | Pan      | Noticed Riatwav the pandemonium lord
 81882 | Pan      | Found a runed translucent door.
 81929 | Pan      | Killed Riatwav the pandemonium lord
 82007 | Pan      | Identified a scroll of acquirement
 82601 | Pan      | Acquired 1890 gold pieces
 83154 | Pan      | Found an exit through the horrors of the Abyss.
 83988 | Pan      | Noticed Gurgheur the pandemonium lord
 83993 | Pan      | Killed Gurgheur the pandemonium lord
 84012 | Pan      | Learned a level 7 spell: Dragon Form
 84018 | Pan      | Learned a level 5 spell: Fireball
 84185 | Pan      | Found an exit through the horrors of the Abyss.
 84251 | Pan      | Found a transporter.
 84279 | Pan      | Found a transporter.
 84371 | Pan      | Identified the +1 cloak of the Guilds {Regen+ Int+3} (You
                  | found it in Pandemonium)
 84382 | Pan      | Got a slimy steel ring
 84388 | Pan      | Identified the ring of the Failed Coup {*Tele rF+} (You
                  | found it in Pandemonium)
 84856 | Pan      | Reached skill level 5 in Fire Magic
 84873 | Pan      | Reached skill level 5 in Evocations
 85181 | Pan      | Entered the realm of Gloorx Vloq.
 86088 | Pan      | Noticed Gloorx Vloq
 86111 | Pan      | Killed Gloorx Vloq
 86136 | Pan      | Got a dark rune of Zot
 86311 | Pan      | Entered the realm of Mnoleg.
 86329 | Pan      | Found an exit through the horrors of the Abyss.
 86486 | Pan      | Gained mutation: Scrolls take you a little longer to read.
                  | [a cacodemon]
 86487 | Pan      | Gained mutation: Scrolls take you longer to read. [a
                  | cacodemon]
 86661 | Pan      | Paralysed by a chaos spawn for 5 turns
 87022 | Pan      | Gained mutation: Scrolls take you much longer to read. [a
                  | cacodemon]
 87027 | Pan      | Paralysed by a floating eye for 4 turns
 87042 | Pan      | Noticed Mnoleg
 87052 | Pan      | Killed Mnoleg
 87255 | Pan      | Gained mutation: You are weak. (Str -2) [a cacodemon]
 87289 | Pan      | Got a glowing rune of Zot
 87490 | Pan      | Gained mutation: Armour fits poorly on your strangely
                  | shaped body. [a cacodemon]
 87510 | Pan      | Lost mutation: Your magical capacity is low. (-10% MP)
                  | [potion of mutation]
 87510 | Pan      | Lost mutation: Your body sometimes deteriorates upon taking
                  | damage. [potion of mutation]
 87510 | Pan      | Lost mutation: Your spells are a little easier to cast, but
                  | a little less powerful. [potion of mutation]
 87510 | Pan      | Lost mutation: Scrolls take you much longer to read.
                  | [potion of mutation]
 88593 | Pan      | Noticed Rent the pandemonium lord
 88603 | Pan      | Killed Rent the pandemonium lord
 89088 | Pan      | Found an exit through the horrors of the Abyss.
 89306 | Pan      | Found a runed translucent door.
 90352 | Pan      | Found a runed translucent door.
 90429 | Pan      | Noticed Miqoem the pandemonium lord
 90437 | Pan      | Killed Miqoem the pandemonium lord
 90460 | Pan      | Entered the realm of Cerebov.
 90752 | Pan      | Reached skill level 25 in Unarmed Combat
 90858 | Pan      | Identified the ring "Jenelusk" {Fire +Fly rElec Str+4
                  | Slay+2}
 90862 | Pan      | Identified the +1 robe of Minor Irritation {MR+ Dex+4}
 90909 | Pan      | Identified the cursed +0 great sword of the Reaper
                  | {antimagic, rF- rN+++ Str+3}
 90909 | Pan      | Identified the ring "Vocliber" {*Corrode *Slow rElec rN+
                  | MP+9}
 91011 | Pan      | Identified the +6 sword of Cerebov {flame}
 91011 | Pan      | Noticed Cerebov
 91025 | Pan      | Killed Cerebov
 91025 | Pan      | Reached skill level 15 in Spellcasting
 91071 | Pan      | Identified the Grimoire of Hexes and the Compass
 91106 | Pan      | Got a scorched silver ring
 91109 | Pan      | Identified the ring "Foaneup" {*Corrode rElec rN+ Str+6}
                  | (You found it in Pandemonium)
 91110 | Pan      | Identified the Volume of Conjuration and Malediction
 91521 | Pan      | Got a fiery rune of Zot
 91595 | Pan      | Found an exit through the horrors of the Abyss.
 91681 | Pan      | Noticed Vuptuix the pandemonium lord
 91690 | Pan      | Paralysed by you for 5 turns
 91693 | Pan      | HP: 20/438 [Vuptuix the pandemonium lord (9)]
 91693 | Pan      | HP: 8/438 [Ice Fiend/bolt of cold (12)]
 91695 | Pan      | Annihilated by Vuptuix the pandemonium lord

Illustrated notes

Levels and vault maps discovered:
D:1:      lightli_arrival_windingriver, layout_loops_ring, glass_columns_c,
          hangedman_decor_push
D:2:      layout_basic, makhleb_altar_promises_db, serial_corexii_hall,
          corexii_hall_statues_s, corexii_hall_statues_t, minmay_joined_circles
D:3:      layout_basic
D:4:      layout_loops_ring, grunt_qazlal_clouds, serial_glass, glass_columns_b,
          glass_columns_b, portal_sewer_entry_b, chequers_mini_garden
D:5:      layout_cave_pools, overflow_temple_1_default, basic_altar,
          serial_gnoll_camp, gnoll_camp_mini_loothouse, gnoll_camp_huts_basic,
          grums_kennel, gnoll_camp_mini_doghouse, uniq_ijyb
D:6:      minmay_diamond_boxcup, layout_cave_pods, kennysheep_mini,
          grunt_temple_overflow_diamond,
          nicolae_gozag_cash_rules_everything_around_me
D:7:      layout_rooms, minmay_temple_entry_poolview
D:8:      layout_loops_corners, marbit_many_paths, grunt_dithmenos_shadows,
          david_lair_generic
D:9:      minmay_clustersquares, layout_loops_ring,
          amethyst_overflow_temple_binary, overflow_temple_1_default,
          gammafunk_ghost_nasty_kobolds, basic_altar, enter_bailey_6
D:10:     minmay_curly_fans, layout_stronghold, hiddenorc1_lemuel, basic_altar,
          serial_shops, shop, kennysheep_generic_room_4
D:11:     layout_basic
D:12:     lemuel_bear_cage, layout_irregular_city, uniq_jorgrun
D:13:     layout_irregular_city, hangedman_vaults_entry_quadrant_bands,
          uniq_josephine, uniq_azrael
D:14:     layout_loops_corners, minmay_staircase_bubble, drop_trap
D:15:     gammafunk_depths_entry_grave, layout_irregular_city,
          minmay_misc_feat_five, jmf_multi_god_temple
Temple:   zaba_magenta_temple
Lair:1:   cheibrodos_lair_river_kwai, layout_loops_ring, grunt_megastairs_1,
          serial_bayou_shore_a, lemuel_fruit_tree
Lair:2:   layout_regular_city, guppyfry_snake_entry_garden
Lair:3:   layout_gridlike, minmay_shoals_entry_hut, serial_forest,
          infiniplex_forest_zigzag_2, infiniplex_forest_clump_double,
          infiniplex_forest_lined_3, infiniplex_forest_corner_1,
          infiniplex_forest_clump_double, infiniplex_forest_straight_1,
          infiniplex_forest_end_3, infiniplex_forest_clump_C,
          infiniplex_forest_clump_double
Lair:4:   layout_misc_corridors, grunt_megastairs_5
Lair:5:   layout_loops_ring, slime_altar_1, nicolae_volcano_entry_two_sided
Lair:6:   guppyfry_lair_end_dragon, layout_cellular_growth, grunt_megastairs_2
Shoals:1: layout_shoals, nicolae_shoals_circle_sea_wall, st_sunken_huts
Shoals:2: layout_shoals, serial_shops, shop, uniq_polyphemus
Shoals:3: layout_shoals, serial_shops, nicolae_shop_statue_plus,
          nicolae_shoals_wave_tunnel
Shoals:4: shoals_end_hangedman, layout_shoals, shoals_ilsuiw_ice
Snake:1:  layout_onion_interference, grunt_ministairs_3, uniq_agnes
Snake:2:  layout_misc_corridors, serial_shops, shop_statue
Snake:3:  layout_misc_corridors
Snake:4:  grunt_snake_rune_pools, layout_cave_town,
          portal_ice_cave_entry_frozen_things, grunt_ministairs_9
Slime:1:  layout_caves
Slime:2:  layout_caves, uniq_dissolution
Slime:3:  layout_caves
Slime:4:  cheibrodos_slime_lost_civilization_9, layout_caves,
          nicolae_slime_phagocytosis
Slime:5
Orc:1:    layout_diamond_mine, mines5_lemuel, uniq_erolcha
Orc:2:    pf_orc_diabolical, layout_diamond_mine
Elf:1:    eino_elf_arrival_customs, layout_geoelf_octagon,
          minmay_elf_annihilation, st_stairs_14
Elf:2:    layout_rooms
Elf:3:    minmay_elf_hall_circle, layout_geoelf_castle, guppyfry_elf_altar,
          minmay_shoptagon, uniq_louise, uniq_nikola
Vaults:1: ontoclasm_vaults_bender, grunt_vaults_hallway_long, v_misc_8,
          grunt_vaults_funnel, nicolae_vaults_ring_of_whatevers,
          vaults_room_fours, vaults_room_grunt_arrival_checkpoint,
          vaults_room_door_hall, vaults_dpeg_cross, nicolae_vaults_alarming,
          vaults_room_fours, layout_vaults_big_cross
Vaults:2: grunt_vaults_hallway_short, st_quartered_hall,
          ontoclasm_vaults_claustrophobia, hangedman_vaults_corner,
          ontoclasm_vaults_decontamination, nicolae_vaults_gold_heap, v_misc_24,
          vaults_standard_mumra_lines, nicolae_vaults_angled_halls,
          layout_vaults_omnigrid, serial_shops, nicolae_shop_stone
Vaults:3: minmay_crypt_entry_simple_corners, ontoclasm_vaults_ring_square,
          vaults_room_ringed_pool, v_misc_28, nicolae_vaults_network_barrier,
          ontoclasm_vaults_ring_large, vaults_room_stairs_pillars,
          hangedman_vaults_maws, v_misc_30, v_misc_22, v_misc_4,
          vaults_room_boxed, nicolae_vaults_rhombus_6,
          nicolae_vaults_little_squares_3, vaults_room_hallway,
          vaults_room_hallway, nicolae_vaults_rhombus_5, layout_vaults_ring,
          uniq_jory
Vaults:4: v_pattern_3, nicolae_vaults_ninety_degrees,
          vaults_standard_mumra_enter_the_diamond,
          nicolae_vaults_disjoint_gnomons, v_misc_28, hangedman_vaults_cutoff,
          st_diamondy, vaults_dpeg_ring, ontoclasm_vaults_ring_square,
          v_misc_15, layout_vaults_omnibox
Vaults:5: uniq_sojobo, uniq_margery
Crypt:1:  layout_chaotic_city
Crypt:2:  layout_misc_corridors, minmay_strange_pillars, st_stairs_1,
          lemuel_elevator
Crypt:3:  evilmike_haunted_forest
Depths:1: layout_cave_pools, grunt_metal_band, grunt_decor_resistance,
          minmay_fractal_squares_diagonal_5, uniq_mara, uniq_aizul
Depths:2: lemuel_river_lethe, hell_entry
Depths:3: minmay_mutant_horseshoe, layout_small_grid, enter_ziggurat_a,
          hangedman_coc_ice_floe, hangedman_decor_riveting,
          rand_demon_pan_entry_7, abyss_entry_crystal, minmay_variable_closet,
          kennysheep_random_hallway, uniq_boris, uniq_enchantress
Depths:4: minmay_the_grid_square_5x5_3x3
          [minmay_the_grid_square_5x5_eight_small,
          minmay_the_grid_square_5x5_three,
          minmay_the_grid_square_5x5_checkered_statues,
          minmay_the_grid_square_5x5_n,
          minmay_the_grid_square_5x5_megaprize_diamond,
          minmay_the_grid_square_5x5_lines, minmay_the_grid_square_5x5_empty,
          minmay_the_grid_square_5x5_empty,
          minmay_the_grid_square_5x5_tri_point], layout_honeycomb,
          kennysheep_donut, hell_entry, serial_bayou, serial_bayou_lake_a,
          serial_bayou_shore_b, serial_bayou_pond_c, serial_bayou_pond_e,
          minmay_room_of_horrors
Depths:5: grunt_zot_entry_tricorne, layout_gridlike, pf_hell_entry_tar_river,
          rand_demon_pan_entry_9
Hell
Zot:1:    layout_concentric_octagons
Zot:2:    layout_basic, gammafunk_ghost_arena
Zot:3:    layout_cathedral_of_symmetry
Zot:4:    layout_cathedral_of_symmetry, hangedman_elemental_corridor
Zot:5:    layout_concentric_octagons
Pan:      grunt_pan_in_and_out, layout_gridville, rand_demon_5,
          layout_irregular_city, pan_blood_fountain, nicolae_pan_sigil_nadil,
          evilmike_mini_pan_T, layout_onion_city, uniq_mennas_pan,
          nicolae_pan_mnolegish_1, rand_demon_7, layout_cellular_growth,
          lemuel_hellion_island, layout_long_grid, pan_blood_fountain,
          rand_demon_9, layout_small_grid, rand_demon_4, layout_chambers,
          nicolae_pan_sigil_itan, gammafunk_the_bubble
          [the_bubble_gammafunk_grid], layout_small_grid, reaverb_pan_squares,
          evilmike_gloorx_vloq_box, layout_pan_divisions_b
          [pan_division_quadrant_b3, pan_division_quadrant_b6,
          pan_division_quadrant_b6, pan_division_quadrant_b3],
          evilmike_mnoleg_eyes, layout_gridlike,
          regret_index_pan_draining_boxed, layout_stronghold,
          pan_blood_fountain, rand_demon_9, layout_cellular_growth,
          cerebov_grunt, layout_pan_divisions_b [pan_division_quadrant_b3,
          pan_division_quadrant_b6, pan_division_quadrant_b6,
          pan_division_quadrant_b4], nicolae_pan_performance_anxiety,
          layout_rooms, nicolae_pan_gloorx_vloqian_3, nicolae_pan_strange_glyphs
          [nicolae_pan_strange_glyph_contempt, nicolae_pan_strange_glyph_regret,
          nicolae_pan_strange_glyph_spite, nicolae_pan_strange_glyph_disgust,
          nicolae_pan_strange_glyph_loneliness]

Skill      XL: |  1  2  3  4  5  6  7  8  9 10 11 12 13 14 15 16 17 18 19 20 21 22 23 24 25 26 27 |
---------------+----------------------------------------------------------------------------------+-----
Throwing       | 4 5 6 7 8 9 10 11 12 13 15 20 | 20.5
Unarmed Combat | 1 2 3 4 5 7 8 10 11 12 13 14 15 16 17 18 19 20 25 | 25.1
Fighting       | 2 3 4 5 6 7 8 10 11 12 13 14 15 20 | 20.3
Dodging        | 2 3 4 5 6 7 8 9 10 16 | 16.6
Spellcasting   | 1 2 3 4 5 6 7 8 9 10 11 15 | 15.0
Stealth        | 1 2 3 |  3.4
Invocations    | 1 3 4 6 7 9 10 11 12 17 | 17.8
Armour         | 1 4 6 8 9 10 11 12 13 16 | 16.2
Evocations     | 1 2 7 |  7.6
Transmutations | 2 3 5 6 7 8 9 10 11 14 | 14.8
Earth Magic    | 10 | 10.7
Fire Magic     | 7 |  7.7
Long Blades    | |  0.8

Action                   |  1- 3 |  4- 6 |  7- 9 | 10-12 | 13-15 | 16-18 | 19-21 | 22-24 | 25-27 || total
-------------------------+-------+-------+-------+-------+-------+-------+-------+-------+-------++-------
Melee: Unarmed           |    83 |   195 |   481 |   677 |   695 |  1056 |  1144 |  1285 |  3223 ||  8839
       Punch             |       |     1 |    14 |    29 |    66 |   100 |   118 |   174 |   404 ||   906
       Kick              |       |       |       |       |       |   247 |   314 |    60 |    56 ||   677
       Headbutt          |       |       |       |       |       |   167 |   177 |    47 |    31 ||   422
       Flamberge         |       |       |       |       |       |       |       |       |    20 ||    20
       Bite              |       |       |       |       |       |       |       |       |    17 ||    17
       Tailslap          |       |       |       |       |       |       |       |       |    14 ||    14
Throw: Stone             |    66 |    80 |   157 |    88 |    76 |       |       |       |       ||   467
       Boomerang         |       |     5 |     4 |   169 |   184 |   358 |   298 |   331 |   492 ||  1841
       Dart              |       |       |    96 |       |    18 |       |     1 |    46 |     4 ||   165
       Large rock        |       |       |     1 |     4 |     9 |     2 |     1 |    12 |   210 ||   239
       Javelin           |       |       |       |       |     2 |       |   154 |   170 |  1178 ||  1504
 Cast: Beastly Appendage |       |       |       |       |       |    49 |    56 |    15 |    15 ||   135
       Blade Hands       |       |       |       |       |       |       |     6 |    45 |    29 ||    80
       Statue Form       |       |       |       |       |       |       |       |       |    97 ||    97
       Hydra Form        |       |       |       |       |       |       |       |       |    15 ||    15
       Dragon Form       |       |       |       |       |       |       |       |       |    13 ||    13
       Fireball          |       |       |       |       |       |       |       |       |     3 ||     3
Invok: Slouch            |       |       |       |       |     2 |     8 |    10 |     3 |    14 ||    37
       Step From Time    |       |       |       |       |       |       |     2 |     3 |     1 ||     6
 Abil: End Transformatio |       |       |       |       |       |       |       |       |     6 ||     6
       Breathe Fire      |       |       |       |       |       |       |       |       |     2 ||     2
Evoke: Wand              |       |       |       |    30 |    11 |     7 |    31 |    11 |     6 ||    96
       Lightning rod     |       |       |       |       |     7 |     4 |       |       |       ||    11
       Tin of tremorston |       |       |       |       |     6 |     3 |     6 |     3 |     8 ||    26
       Condenser vane    |       |       |       |       |       |       |       |       |     6 ||     6
       Horn of Geryon    |       |       |       |       |       |       |       |       |     3 ||     3
       Box of beasts     |       |       |       |       |       |       |       |       |     3 ||     3
  Use: Scroll            |     4 |     2 |     3 |    21 |    12 |     8 |     8 |    15 |    34 ||   107
       Potion            |       |       |     4 |     2 |     3 |     2 |     8 |     6 |    13 ||    38
 Stab: Sleeping          |     2 |     5 |     9 |     3 |       |       |       |       |     2 ||    21
       Paralysed         |       |       |       |     4 |       |       |       |       |       ||     4
       Distracted        |       |       |       |       |       |       |       |       |    10 ||    10
Armor: Robe              |    32 |    70 |   163 |    12 |       |       |       |       |       ||   277
       Skin              |       |       |    73 |       |       |       |       |       |   921 ||   994
       Gold dragon scale |       |       |       |   600 |   670 |  1085 |  1199 |  1118 |  1823 ||  6495
Dodge: Dodged            |    46 |   101 |   265 |   209 |   308 |   670 |   921 |   788 |  3858 ||  7166
       Rpst.: Flamberge  |       |       |       |       |       |       |       |       |    15 ||    15

Table legend: (Time is in decaauts)
 A = Elapsed time spent in this place.
 B = Non-inter-level travel time spent in this place.
 C = Inter-level travel time spent in this place.
 D = Time resting spent in this place.
 E = Time spent auto-exploring this place.
 F = Levels seen in this place.
 G = Mean time per level.
                   A        B        C        D        E       F      G
               +--------+--------+--------+--------+--------+-----+--------+
         Total | 139227 | 125749 |  13478 |   7580 |  88021 |  82 | 1697.9 |
       Dungeon |  23960 |  20275 |   3685 |   2089 |  14285 |  15 | 1597.3 |
        Temple |     76 |     58 |     18 |      0 |     57 |   1 |   76.0 |
          Lair |  11174 |   9543 |   1631 |    304 |   8023 |   6 | 1862.3 |
        Shoals |   7466 |   6978 |    488 |    433 |   4472 |   4 | 1866.5 |
     Snake Pit |   6756 |   6142 |    614 |    830 |   3836 |   4 | 1689.0 |
    Slime Pits |   3672 |   3410 |    262 |    247 |   2031 |   5 |  734.4 |
  Orcish Mines |   4551 |   3478 |   1073 |    355 |   2187 |   2 | 2275.5 |
   Elven Halls |   6353 |   5496 |    857 |    340 |   3879 |   3 | 2117.7 |
        Vaults |  14440 |  12816 |   1624 |    382 |   9797 |   5 | 2888.0 |
         Crypt |   5715 |   5178 |    537 |    203 |   3862 |   3 | 1905.0 |
        Depths |  12057 |  10260 |   1797 |    767 |   6899 |   5 | 2411.4 |
          Hell |   1336 |   1290 |     46 |      0 |    951 |   1 | 1336.0 |
           Zot |   9090 |   8250 |    840 |    268 |   6893 |   5 | 1818.0 |
         Abyss |   4184 |   4184 |      0 |      0 |   2334 |   5 |  836.8 |
   Pandemonium |  25757 |  25757 |      0 |    870 |  17592 |  14 | 1839.8 |
         Sewer |    507 |    507 |      0 |      0 |    212 |   1 |  507.0 |
        Bailey |    291 |    291 |      0 |     63 |     24 |   1 |  291.0 |
      Ice Cave |   1406 |   1406 |      0 |    356 |    528 |   1 | 1406.0 |
       Volcano |    427 |    427 |      0 |     68 |    150 |   1 |  427.0 |
               +--------+--------+--------+--------+--------+-----+--------+

Top non-repeatable levels by time:
Vaults:5: 3535 daAuts
   Elf:3: 3399 daAuts
Vaults:3: 3161 daAuts
   Orc:2: 3031 daAuts
 Crypt:3: 2919 daAuts
Depths:4: 2917 daAuts
Vaults:2: 2881 daAuts
    D:13: 2857 daAuts
Depths:2: 2721 daAuts
 Snake:4: 2594 daAuts
    D:12: 2593 daAuts
Vaults:1: 2521 daAuts
    D:10: 2469 daAuts
  Lair:3: 2467 daAuts
Vaults:4: 2341 daAuts
